 Dungeon Crawl Stone Soup version 0.25.0-46-gbd7b0854d2 (webtiles) character file.

Game seed: 1677249022616353066

126 Ethylacetat the Gusty (level 5, -6/31 HPs)
             Began as an Octopode Air Elementalist on July 15, 2020.
             Mangled by Sigmund
             ... wielding a +0 scythe
              (14 damage)
             ... on level 2 of the Dungeon.
             The game lasted 00:08:44 (2915 turns).

Ethylacetat the Gusty (Octopode Air Elementalist)   Turns: 2915, Time: 00:08:44

Health: -6/31      AC:  1    Str:  8    XL:     5   Next: 9%
Magic:  7/9        EV: 13    Int: 18    God:
Gold:   97         SH:  0    Dex: 12    Spells: 4/9 levels left

rFire    . . .     SeeInvis .   n - +4 quarterstaff (chaos)
rCold    . . .     Gourm    .   (shield currently unavailable)
rNeg     . . .     Faith    .   (helmet restricted)
rPois    .         Spirit   .   d - amulet of magic regeneration
rElec    .         Reflect  .   i - ring of protection from magic
rCorr    .         Harm     .   (no ring)
MR       +....                  (no ring)
Stlth    +++.......             (no ring)
HPRegen  0.10/turn              (no ring)
MPRegen  0.36/turn              (no ring)
                                (no ring)
                                (no ring)

@: no status effects
A: almost no armour, stealthy swim, amphibious, 8 rings, constrict 8, camouflage
1, gelatinous body 1
a: no special abilities


You were on level 2 of the Dungeon.
You were not hungry.

You visited 1 branch of the dungeon, and saw 2 of its levels.

You collected 97 gold pieces.

Inventory:

Hand Weapons
 g - a +1 dagger of flaming
 n - a +4 quarterstaff of chaos (weapon)
Jewellery
 d - an amulet of magic regeneration (around mantle)
 i - a ring of protection from magic (left tentacle)
Scrolls
 e - a scroll of blinking {unknown}
 f - 4 scrolls of identify {unknown}
Potions
 a - a potion of heal wounds {unknown}
 c - 2 potions of brilliance {unknown}
 j - 2 potions of haste {unknown}
 k - a potion of mutation {unknown}
Comestibles
 b - 7 rations
 h - a chunk of flesh


   Skills:
 - Level 2.0 Dodging
 - Level 2.6 Stealth
 + Level 2.6 Spellcasting
 * Level 3.1 Conjurations
 * Level 4.2 Air Magic


You had 4 spell levels left.
You knew the following spells:

 Your Spells              Type           Power        Failure   Level  Hunger
a - Shock                 Conj/Air       ###.         3%          1    #......
b - Airstrike             Air            ###.......   30%         4    #####..

Your spell library contained the following spells:

 Spells                   Type           Power        Failure   Level  Hunger
 Swiftness                Chrm/Air       ##......     11%         2    ##.....
 Static Discharge         Conj/Air       ###.....     12%         3    ###....
 Lightning Bolt           Conj/Air       ###.......   71%         5    ######.


Dungeon Overview and Level Annotations

Branches:
Dungeon (2/15)

Altars:
Trog

Annotations:
D:2 Sigmund


Innate Abilities, Weirdness & Mutations

You cannot wear most types of armour.
You are very stealthy in the water. (Stealth+)
You are amphibious.
You can wear up to eight rings at the same time.
You can use your tentacles to constrict eight enemies at once.
Your skin changes colour to match your surroundings (Stealth+).
Your rubbery body absorbs attacks. (AC +1, EV +1)


Message History

Confirm with . or Enter, or press ? or * to list all spells.
You can't see any susceptible monsters within range! (Use Z to cast anyway.)
Casting: Shock (safe; 3% risk of failure)
Confirm with . or Enter, or press ? or * to list all spells.
Aiming: Shock (safe; 3% risk of failure)
Press: ? - help, Shift-Dir - straight line
Casting: Shock (safe; 3% risk of failure)
Confirm with . or Enter, or press ? or * to list all spells.
Okay, then.
Casting: Shock (safe; 3% risk of failure)
Confirm with . or Enter, or press ? or * to list all spells.
Aiming: Shock (safe; 3% risk of failure)
Press: ? - help, Shift-Dir - straight line The zap hits something.
Something completely misses you.
Casting: Shock (safe; 3% risk of failure)
Confirm with . or Enter, or press ? or * to list all spells.
Aiming: Shock (safe; 3% risk of failure)
Press: ? - help, Shift-Dir - straight line Something hits you!
You die...

########.#....#..#
##..
#.............#.##
##...
#.#######.......#
##.... #.#
##..##.### ##...##
#.# #..>##.#
###...## #.#
#.####.# ###....##
#.# #.# #.#
####.....## #รท#
#.# #.###.......##
#.# #.#
#@##...{..### #.#
#.# #.##....###
#.######.#
#....####
#........# #.####
########## ###


There were no monsters in sight!

Vanquished Creatures
  Crazy Yiuf (D:2)
  3 gnolls (D:2)
  An ooze (D:1)
  A leopard gecko (D:2)
  10 bats
  A giant cockroach (D:2)
  10 goblins
  4 hobgoblins (D:1)
  4 jackals (D:1)
  2 quokkas (D:2)
  A ball python (D:1)
  9 frilled lizards
  6 kobolds
  10 rats
63 creatures vanquished.

Notes
Turn   | Place    | Note
-------+----------+-------------------------------------------
     0 | D:1      | Ethylacetat the Octopode Air Elementalist began the quest
                  | for the Orb.
     0 | D:1      | Reached XP level 1. HP: 11/11 MP: 3/3
   336 | D:1      | Reached XP level 2. HP: 17/17 MP: 1/5
   745 | D:1      | Reached XP level 3. HP: 21/21 MP: 3/6
  1549 | D:2      | Found a faded altar of an unknown god.
  1601 | D:2      | Reached XP level 4. HP: 27/27 MP: 3/7
  2103 | D:2      | Reached skill level 4 in Air Magic
  2286 | D:2      | Found a runed translucent door.
  2287 | D:2      | Noticed Crazy Yiuf
  2322 | D:2      | Killed Crazy Yiuf
  2322 | D:2      | Reached XP level 5. HP: 5/31 MP: 6/9
  2593 | D:2      | Noticed a moth of wrath
  2596 | D:2      | Found a bloodstained altar of Trog.
  2606 | D:2      | Learned a level 4 spell: Airstrike
  2882 | D:2      | Noticed Sigmund
  2915 | D:2      | Mangled by Sigmund

Illustrated notes

Levels and vault maps discovered:
D:1:      matt_arrival_spirals, layout_basic, minmay_pentomino_q2
D:2:      layout_basic, chequers_ecumenical_altar_twisty, serial_curves,
          eino_curves_01, eino_curves_03, tgw_trog, uniq_sigmund,
          uniq_crazy_yiuf_cottage

Skill      XL: |  1  2  3  4 |
---------------+-------------+-----
Conjurations   | 2 3 |  3.1
Air Magic      | 4 |  4.2
Dodging        | |  2.0
Stealth        | |  2.6
Spellcasting   | |  2.6

Action                   |  1- 3 |  4- 6 || total
-------------------------+-------+-------++-------
Melee: Unarmed           |     7 |       ||     7
       Constrict         |     7 |       ||     7
       Tentacles         |     4 |       ||     4
       Dagger            |    22 |       ||    22
       Quarterstaff      |       |    11 ||    11
 Cast: Shock             |    41 |    43 ||    84
       Airstrike         |       |     1 ||     1
 Stab: Sleeping          |     2 |     1 ||     3
  Eat: Chunk             |     2 |     5 ||     7
Armor: Skin              |     5 |     1 ||     6
Dodge: Dodged            |    26 |    11 ||    37
